cohdb
Replays
Latest Replays
All Replays
Popular Replays
Top Player Replays
Match Explorer
How It Works
Community
CoH3 Stats
Reddit
Sign in to upload your games and track your stats! →
Sign in with Steam
Match 43686495
Unlisted
Match 43686495
Overview
Messages
Build Orders
End
Construct Barracks
Riflemen Squad
1⁄4-ton 4x4 Truck
Riflemen Squad
Construct Weapon Support Center
Grenade Package
Riflemen Squad
Engineer Squad
Air Support Center
Selects Airborne Battlegroup
Selects Heavy Machine Gun Paradrop
Selects Paratrooper Squad Paradrop
Selects Anti-tank Gun Team Paradrop
Selects Smoke Bombing Run
Anti-tank Gun Team Paradrop
P-47 Dive Bomb
Grasshopper Recon Run
P-47 Strafing Run
Construct Tank Depot
Grasshopper Recon Run
P-47 Strafing Run
Selects Paradrop Reinforcements
Selects Dual P-47 Rocket Strike
Grasshopper Recon Run
M4A1 Sherman Medium Tank
M1919 Machine Gun Team
P-47 Dive Bomb
Double Sortie
Grasshopper Recon Run
Riflemen Squad
Riflemen Squad
Mortar Pit
Grasshopper Recon Run
M4(105) Sherman Bulldozer
P-47 Strafing Run
Grasshopper Recon Run
Forward Retreat Point
M3 Armored Personnel Carrier
Anti-tank Gun Team Paradrop
Grasshopper Recon Run
M18 Hellcat Tank Destroyer
Grasshopper Recon Run
Jd577
Peyton_Ugolini
dahoruru
The Lone Wanderer
HeadXKill
MrNeverSurrender
Sauvignon
PinotGrigio
0
0
Comments
sign in to comment!
No comments posted yet!